 Dungeon Crawl Stone Soup version 0.30.0-19-g36f170ea60 (webtiles) character file.

Game seed: 10402534359412134560

2 monsoonserge the Gusty (level 1, 10/10 HPs)
             Began as a Tengu Air Elementalist on June 1, 2023.
             Was a Plaything of Xom.
             Quit the game on level 1 of the Dungeon.
             The game lasted 00:00:41 (249 turns).

monsoonserge the Gusty (Tengu Air Elementalist)      Turns: 249, Time: 00:00:42

Health: 10/10      AC:  2    Str:  8    XL:     1   Next: 40%
Magic:  4/4        EV: 12    Int: 15    God:    Xom [..*...]
Gold:   34         SH:  0    Dex: 14    Spells: 3/4 levels left

rFire   . . .        (no weapon)
rCold   . . .        (no shield)
rNeg    . . .        a - +0 robe
rPois   .            (helmet restricted)
rElec   .            (no cloak)
rCorr   .            (no gloves)
SInv    .            (boots unavailable)
Will    .....        (no amulet)
Stlth   ++           (no ring)
HPRegen 0.21/turn    (no ring)
MPRegen 0.09/turn

%: no passive effects
@: no status effects
A: beak, talons 3
a: Renounce Religion


You were on level 1 of the Dungeon.
You worshipped Xom.
You were a toy of Xom.
You visited 1 branch of the dungeon, and saw 1 of its levels.

You collected 34 gold pieces.

Inventory:

Armour
 a - a +0 robe (worn)
Potions
 b - a potion of magic
 c - 2 potions of brilliance {unknown}


   Skills:
 + Level 2.2 Dodging
 - Level 2.0 Stealth
 - Level 2.0 Spellcasting
 + Level 1.3 Conjurations
 + Level 4.2 Air Magic


You had 3 spell levels left.
You knew the following spells:

 Your Spells              Type           Power      Damage    Failure   Level
a - Shock                 Conj/Air       36%        1d5       7%          1

Your spell library contained the following spells:

 Spells                   Type           Power      Damage    Failure   Level
 Static Discharge         Conj/Air       18%        2-3/arc   11%         2
 Swiftness                Air            14%        N/A       12%         3
 Airstrike                Air            7%         2d(1-17)  36%         4


Dungeon Overview and Level Annotations

Branches:
Dungeon (1/15)

Altars:
Xom


Innate Abilities, Weirdness & Mutations

You have a beak for a mouth.
You have claws for feet.


Message History

Casting: Shock (safe; 8% risk of failure)
Confirm with . or Enter, or press ? or * to list all spells.
Aiming: Shock (safe; 8% risk of failure)
Press: ? - help, Shift-Dir - straight line, f - ball python
Aim: a ball python (asleep, 100% to hit)
The zap hits the ball python.
The ball python is heavily wounded.
The ball python hisses angrily.
Unknown command.
Casting: Shock (safe; 8% risk of failure)
Confirm with . or Enter, or press ? or * to list all spells.
Aiming: Shock (safe; 8% risk of failure)
Press: ? - help, Shift-Dir - straight line, f/p - ball python
Aim: a ball python (heavily wounded, 64% to hit)
The zap hits the ball python.
You kill the ball python!
Magic restored.
You now have 10 gold pieces.
You now have 22 gold pieces (gained 12).
Found a whip.
A rat comes into view.
Casting: Shock (safe; 7% risk of failure)
Confirm with . or Enter, or press ? or * to list all spells.
Aiming: Shock (safe; 7% risk of failure)
Press: ? - help, Shift-Dir - straight line, f - rat
Aim: a rat (68% to hit)
The zap hits the rat.
You kill the rat!
Unknown command.
You see here a +0 whip.
You now have 34 gold pieces (gained 12).
Found a human skeleton.
Found a faded altar of an unknown god.
c - 2 amethyst potions You see here a human skeleton.
There is a faded altar of an unknown god here.
This altar belongs to (a) Xom, (b) Gozag or (c) Yredelemnul, but you can't tell which.
Press the corresponding letter to learn more about a god, or press enter to convert or escape to cancel.
Xom accepts your prayer! Xom welcomes you!
Xom is very intrigued!
Are you sure you want to abandon this character and quit the game? (Confirm with "yes".)

###.## #.......#.###########.#
....# ##........#............#
###.###......†...#############
...............###
.#.............#
....##.........##
.#..##..#.......#
...###...#########
..####.##8÷..÷..@#
.......##........#
#.#######8.÷....÷# ....#
#...÷÷...# ....# #8÷..÷...#
....# ##.8.8...## ....#
#.....##.# ....# #..#####.#
##### #..#####.#


There were no monsters in sight!

Vanquished Creatures
  2 ball pythons (D:1)
  A rat (D:1)
3 creatures vanquished.

Notes
Turn   | Place    | Note
-------+----------+-------------------------------------------
     0 | D:1      | monsoonserge the Tengu Air Elementalist began the quest for
                  | the Orb.
     0 | D:1      | Reached XP level 1. HP: 10/10 MP: 4/4
   237 | D:1      | Found a faded altar of an unknown god.
   248 | D:1      | Prayed at the altar of an unknown god.
   248 | D:1      | Became a worshipper of Xom of Chaos
   249 | D:1      | Quit the game

Illustrated notes

Levels and vault maps discovered:
D:1:      roderic_chinese_lattice_arrival, layout_loops_cross,
          shapermc_ecumenical_altar_pompeii

Action                     || total
---------------------------++-------
   Cast: Shock             ||     5
